 Dungeon Crawl Stone Soup version 0.27.1 (webtiles) character file.

Game seed: 9972892409179452638

4 Malachi the Insei (level 1, -1/15 HPs)
             Began as a Demonspawn Transmuter on Aug 26, 2021.
             Slain by a quokka (3 damage)
             ... on level 1 of the Dungeon.
             The game lasted 00:00:31 (281 turns).

Malachi the Insei (Demonspawn Transmuter)            Turns: 281, Time: 00:00:32

Health: -1/15      AC:  2    Str: 10    XL:     1   Next: 58%
Magic:  3/3        EV: 12    Int: 14    God:
Gold:   20         SH:  0    Dex: 13    Spells: 3/4 levels left

rFire    . . .     SeeInvis .     - Unarmed
rCold    . . .     Faith    .   (no shield)
rNeg     . . .     Spirit   .   a - +0 robe
rPois    .         Reflect  .   (no helmet)
rElec    .         Harm     .   (no cloak)
rCorr    .         Rampage  .   (no gloves)
Will     .....                  (no boots)
Stlth    +.........             (no amulet)
HPRegen  0.05/turn              (no ring)
MPRegen  0.08/turn              (no ring)

@: no status effects
A: no striking features
a: no special abilities


You were on level 1 of the Dungeon.
You visited 1 branch of the dungeon, and saw 1 of its levels.

You collected 20 gold pieces.

Inventory:

Armour
 a - a +0 robe (worn)
Scrolls
 c - a scroll of identify {unknown}
Potions
 b - a potion of curing {unknown}


   Skills:
 - Level 1.0 Fighting
 - Level 1.7 Dodging
 - Level 2.6 Unarmed Combat
 - Level 2.0 Spellcasting
 * Level 2.0 Transmutations
 * Level 0.7 Poison Magic


You had 3 spell levels left.
You knew the following spells:

 Your Spells              Type           Power      Damage    Failure   Level
a - Beastly Appendage     Tmut           14%        N/A       11%         1

Your spell library contained the following spells:

 Spells                   Type           Power      Damage    Failure   Level
 Wereblood                Tmut           7%         N/A       16%         2
 Spider Form              Tmut/Pois      2%         N/A       38%         3
 Ice Form                 Ice/Tmut       4%         N/A       83%         4


Dungeon Overview and Level Annotations

Branches:
Dungeon (1/15)

Altars:

Shops:
D:1 (


Message History

Confirm with . or Enter, or press ? or * to list all spells.
You grow a pair of large bovine horns.
Your feet morph into talons.
Unknown command.
A bat and a quokka come into view.
The bat moves out of view.
The quokka barely misses you.
You hit the quokka. You claw the quokka.
You kill the quokka!
The bat closely misses you.
Your Transmutations skill increases to level 2!
Found a scroll labelled KYT FASKONIR.
The bat hits you but does no damage. The bat closely misses you.
The quokka bites you.
You hit the quokka but do no damage. Your kick misses the quokka.
The bat barely misses you. The quokka misses you.
You hit the quokka but do no damage. Your kick misses the quokka.
Your transformation is almost over.
The bat closely misses you. The quokka closely misses you.
You hit the quokka but do no damage. Your kick misses the quokka.
The bat barely misses you. The quokka bites you.
You hit the quokka.
The quokka is severely wounded.
The bat hits you but does no damage. The quokka bites you. x2
* * * LOW HITPOINT WARNING * * *
You are too injured to fight recklessly!
You are too injured to fight recklessly!
You are too injured to fight recklessly!
You are too injured to fight recklessly!
You closely miss the quokka.
The quokka is severely wounded.
The bat closely misses you. The quokka bites you.
* * * LOW HITPOINT WARNING * * *
The bat closely misses you. The bat hits you.
* * * LOW HITPOINT WARNING * * *
The bat misses you.
You see here a scroll labelled IHUROT ESKO.
The bat misses you.
Your horns disappear.
Your talons disappear.
The bat closely misses you. The quokka bites you.
You die...

...# ###............ #
#...# ..............
###...#### #..........
#♣≈......######.......#
♣≈≈......#.....^..#.###.#
≈≈≈♣.....#..............#
♣≈≈......+......?...#####
#♣≈......#.....rb#..#
###.............@#..#
###...................#
##÷)....................
........................
.........†..............
.......(................
.......###.......##..#..
............#.......>#..
.......#######......


You could see a quokka and a bat.

Vanquished Creatures
  A bat (D:1)
  A quokka (D:1)
  A ball python (D:1)
  A frilled lizard (D:1)
  A kobold (D:1)
5 creatures vanquished.

Notes
Turn   | Place    | Note
-------+----------+-------------------------------------------
     0 | D:1      | Malachi the Demonspawn Transmuter began the quest for the
                  | Orb.
     0 | D:1      | Reached XP level 1. HP: 15/15 MP: 3/3
   127 | D:1      | Found Kaimorphae's Antique Weapon Boutique.
   281 | D:1      | Slain by a quokka

Illustrated notes

Levels and vault maps discovered:
D:1:      sevenhm_arrival_forest_fort_small_4, layout_basic, serial_shops, shop

Skill      XL: |  1 |
---------------+----+-----
Transmutations | 2 |  2.0
Fighting       | |  1.0
Dodging        | |  1.7
Unarmed Combat | |  2.6
Spellcasting   | |  2.0
Poison Magic   | |  0.7

Action                   || total
-------------------------++-------
Melee: Unarmed           ||    17
       Kick              ||     2
       Headbutt          ||     2
 Cast: Beastly Appendage ||     3
Armor: Robe              ||     5
Dodge: Dodged            ||    27
